 Dungeon Crawl Stone Soup version 0.25.1-8-g42b30a86e7 (webtiles) character file.

Game seed: 16935394164741416250

15 MessiBoka the Conjurer (level 2, -1/20 HPs)
             Began as a Draconian Conjurer on Dec 3, 2020.
             Slain by a jackal (2 damage)
             ... on level 1 of the Dungeon.
             The game lasted 00:11:46 (846 turns).

MessiBoka the Conjurer (Draconian Conjurer)          Turns: 846, Time: 00:11:46

Health: -1/20      AC:  4    Str: 10    XL:     2   Next: 34%
Magic:  0/5        EV: 12    Int: 15    God:
Gold:   33         SH:  0    Dex: 11    Spells: 4/5 levels left

rFire    + . .     SeeInvis .   (no weapon)
rCold    x . .     Gourm    .   (no shield)
rNeg     . . .     Faith    .   (armour unavailable)
rPois    .         Spirit   .   (helmet restricted)
rElec    .         Reflect  .   (no cloak)
rCorr    .         Harm     .   (no gloves)
MR       .....                  (no boots)
Stlth    ++........             (no amulet)
HPRegen  0.06/turn              a - ring of fire
MPRegen  0.09/turn              (no ring)

@: about to teleport
A: unfitting armour, cold-blooded, AC +4
a: no special abilities


You were on level 1 of the Dungeon.
You were not hungry.

You visited 1 branch of the dungeon, and saw 2 of its levels.

You collected 33 gold pieces.

Inventory:

Hand Weapons
 c - a +0 dagger
 d - a +0 dagger
Missiles
 f - 14 bolts
 g - 29 arrows
Jewellery
 a - a ring of fire (left hand)
Potions
 e - a potion of stabbing (quivered) {unknown}
Comestibles
 b - 2 rations
 i - a chunk of flesh


   Skills:
 + Level 1.8 Dodging
 + Level 1.8 Stealth
 + Level 0.2 Unarmed Combat
 + Level 2.2 Spellcasting
 + Level 4.4 Conjurations


You had 4 spell levels left.
You knew the following spells:

 Your Spells              Type           Power        Failure   Level  Hunger
a - Magic Dart            Conj           ##..         3%          1    #......

Your spell library contained the following spells:

 Spells                   Type           Power        Failure   Level  Hunger
 Searing Ray              Conj           ##....       5%          2    ###....
 Dazzling Flash           Conj/Hex       #.....       26%         3    ###....
 Fulminant Prism          Conj/Hex       #.........   65%         4    #####..
 Iskenderun's Mystic Bla  Conj/Tloc      #.......     65%         4    #####..


Dungeon Overview and Level Annotations

Branches:
Dungeon (2/15)

Altars:


Innate Abilities, Weirdness & Mutations

Your plain brown scales are hard. (AC +4)
You cannot fit into any form of body armour.
You are cold-blooded and may be slowed by cold attacks.


Message History

Confirm with . or Enter, or press ? or * to list all spells.
Aiming: Magic Dart (safe; 3% risk of failure)
Press: ? - help, Shift-Dir - straight line, f/p - jackal
Aim: a jackal (heavily wounded)
The magic dart hits the jackal but does no damage.
The jackal barely misses you.
The jackal pauses to sniff the ground.
The jackal barely misses you.
Your magical contamination has completely faded away.
Casting: Magic Dart (safe; 3% risk of failure)
Confirm with . or Enter, or press ? or * to list all spells.
You don't have enough magic to cast that spell.
Unknown command.
Unknown command.
Unknown command.
Unknown command.
As you read the scroll labeled TINGAO WENA, it crumbles to dust.
You feel strangely unstable.
It was a scroll of teleportation.
The jackal barely misses you. The jackal bites you.
You die...

####........>......#
#...(..............###
#.....................
#....#.....#.....###..
#....##########.......
#....##### #..#....
#........#######.#.#..
#...h###.....###...###
##.##@hhg...........).
#.############..#####
#.# ##..# #
#.###########...# #
#.#.....).....#.# #
#.#.###########.#
#.#.# ... #.#)# ....
.. #.#.## .....##


You could see 3 jackals and a goblin.

Vanquished Creatures
  A leopard gecko (D:1)
  A giant cockroach (D:1)
  3 goblins (D:1)
  3 hobgoblins (D:1)
  A jackal (D:1)
  A bat (D:1)
  2 rats (D:1)
12 creatures vanquished.

Notes
Turn   | Place    | Note
-------+----------+-------------------------------------------
     0 | D:1      | MessiBoka the Draconian Conjurer began the quest for the
                  | Orb.
     0 | D:1      | Reached XP level 1. HP: 14/14 MP: 3/3
   604 | D:1      | Reached XP level 2. HP: 17/20 MP: 0/5
   841 | D:1      | HP: 1/20 [jackal (3)]
   846 | D:1      | Slain by a jackal

Illustrated notes

Levels and vault maps discovered:
D:1:      lightli_arrival_lavapool, layout_rooms
D:2:      layout_loops_cross, cheibriados_altar_1

Action                   || total
-------------------------++-------
Melee: Unarmed           ||    28
       Tailslap          ||     4
 Cast: Magic Dart        ||    21
  Use: Scroll            ||     1
Armor: Skin              ||    16
Dodge: Dodged            ||    52
